AoeStats
← RIO1000

Arabia

508000947Analyzed
1v1 RM · 12d ago on Sep 20, 2026· 35m 5s· 2 players
Game mode
Random Map
Map size
Tiny (2 player)
Population
200
Speed
Normal
Resources
Standard
Victory
Conquest
Starting age
Dark Age
Ending age
Imperial Age
RankedLock teamsTeams togetherTeam positionsShared explorationLock speedFull tech treeHidden civsTurbo modeCheats
Victory
Defeat
🇲🇽 Cumans · Mexico
865
+17
🇧🇷 Gurjaras · Brazil
889
-17
RIO1000
4:55 Loom
9:28 Feudal Age
10:32 Double-Bit Axe
19:05 Castle Age
20:21 Wheelbarrow
19:58 Bow Saw
20:19 Gold Mining
20:37 Horse Collar
21:49 Heavy Plow
24:32 Bloodlines
25:40 Forging
26:05 Scale Barding Armor
28:58 Iron Casting
32:24 Chain Barding Armor
32:11 Stone Mining
33:39 Town Watch
34:49 Hand Cart
35:37 Gold Shaft Mining
Vândalo
8:17 Loom
12:32 Feudal Age
18:46 Castle Age
18:19 Double-Bit Axe
28:42 Scale Barding Armor
30:45 Gold Mining
32:00 Stone Mining
34:30 Bow Saw
35:50 Wheelbarrow
Connection lost

Rejoining the realm…

Still unreachable

The connection could not be restored.

Session expired

The server has moved on; the page needs a fresh start.